 Dungeon Crawl Stone Soup version 0.17-a0-1046-ga09e34d (webtiles) character file.

15236 inmateoo the Destroyer (level 11, -1/62 HPs)
             Began as a Deep Elf Conjurer on May 15, 2015.
             Was an Elder of Vehumet.
             Slain by a yak (17 damage)
             ... on level 12 of the Dungeon.
             The game lasted 00:33:25 (11007 turns).

inmateoo the Destroyer (Deep Elf Conjurer)         Turns: 11007, Time: 00:33:26

Health: -1/62      AC: 11    Str: 10    XL:     11   Next: 99%
Magic:  22/26      EV: 17    Int: 24    God:    Vehumet [****..]
Gold:   744        SH:  0    Dex: 15    Spells: 6 memorised, 11 levels left

rFire  + + .     SeeInvis .     s - +4 arc blade {discharge, rElec}
rCold  . . .     Clarity  .     H - +1 robe of Trial and Error {rF++}
rNeg   . . .     SustAb   .     (no shield)
rPois  .         Gourm    .     u - +2 helmet
rElec  +         Spirit   .     B - +0 cloak
rCorr  .         Warding  .     L - +0 pair of gloves
rMut   .         Stasis   .     K - +2 pair of boots
MR     +....                    q - amulet of regeneration
Stlth  ++++......               G - +3 ring of strength
                                y - ring of wizardry

@: somewhat resistant to hostile enchantments, stealthy
A: regeneration 1, strong 1, wild magic 1, evolution 1
a: Renounce Religion


You were on level 12 of the Dungeon.
You worshipped Vehumet.
Vehumet was greatly pleased with you.
You were very hungry.

You visited 2 branches of the dungeon, and saw 13 of its levels.

You collected 843 gold pieces.
You spent 99 gold pieces at shops.

Inventory:

Hand weapons
 s - the +4 arc blade (weapon) {discharge, rElec}
   (You found it on level 5 of the Dungeon)

   It insulates you from electricity.
Armour
 u - a +2 helmet (worn)
 B - a +0 cloak (worn)
 H - the +1 robe of Trial and Error (worn) {rF++}
   (You found it on level 8 of the Dungeon)

   It greatly protects you from fire.
 K - a +2 pair of boots (worn)
 L - a +0 pair of gloves (worn)
Magical staves
 C - an uncursed staff of fire
 O - an uncursed staff of earth
Jewellery
 q - an amulet of regeneration (around neck)
 y - a ring of wizardry (left hand)
 G - a +3 ring of strength (right hand)
 N - an uncursed ring of ice
Magical devices
 f - a wand of hasting (3)
 l - a wand of heal wounds (0)
 o - a wand of digging (13)
 p - a wand of digging (19)
 t - a wand of magic darts (36)
Scrolls
 e - 3 scrolls of enchant armour
 h - 4 scrolls of teleportation
 j - 2 scrolls of fear
 v - a scroll of enchant weapon
 w - 2 scrolls of magic mapping
 I - 2 scrolls of identify
 J - 3 scrolls of fog
Potions
 a - a potion of cancellation
 d - 3 potions of brilliance
 g - 4 potions of agility
 i - a potion of flight
 k - a potion of resistance
 n - 3 potions of haste
 r - a potion of heal wounds
 E - a potion of berserk rage
Books
 b - a book of Conjurations

   Spells                             Type                      Level
   a - Magic Dart                     Conjuration                  1
   b - Searing Ray                    Conjuration                  2
   c - Dazzling Spray                 Conjuration/Hexes            3
   d - Fulminant Prism                Conjuration/Hexes            4
   e - Iskenderun's Mystic Blast      Conjuration                  4
   f - Iskenderun's Battlesphere      Conjuration/Charms           5
 m - a book of Control

   Spells                             Type                      Level
   a - Control Teleport               Charms/Translocation         4
   b - Control Undead                 Necromancy                   4
   c - Metabolic Englaciation         Hexes/Ice                    5
   d - Mass Confusion                 Hexes                        6
 A - a Fen Folio

   Spells                             Type                      Level
   a - Corpse Rot                     Necromancy                   2
   b - Stone Arrow                    Conjuration/Earth            3
   c - Leda's Liquefaction            Hexes/Earth                  4
   d - Summon Forest                  Summoning/Translocation      5
   e - Hydra Form                     Transmutation                6
   f - Summon Hydra                   Summoning                    7
Comestibles
 c - 6 bread rations
 z - a meat ration
 F - 3 fruits
 M - 10 royal jellies


   Skills:
 + Level 4.9 Fighting
 * Level 8.0 Short Blades
   Level 0.5(4.5) Long Blades
 + Level 8.5 Dodging
 + Level 9.3 Stealth
 + Level 9.5 Spellcasting
 * Level 11.3 Conjurations
 - Level 6.0 Hexes
 - Level 2.0 Charms
 * Level 5.5 Fire Magic


You had 11 spell levels left.
You knew the following spells:

 Your Spells              Type           Power        Failure   Level  Hunger
a - Magic Dart            Conj           ####         1%          1    None
b - Searing Ray           Conj           ######       1%          2    None
c - Dazzling Spray        Conj/Hex       ######..     1%          3    None
d - Iskenderun's Mystic   Conj           #######.     1%          4    ##.....
e - Iskenderun's Battles  Conj/Chrm      ######..     2%          5    ####...
f - Conjure Flame         Conj/Fire      ######..     1%          3    None


Dungeon Overview and Level Annotations

Branches:
Dungeon (12/15)            Temple (1/1) D:5            Lair (0/8) D:9
    Orc (0/4) D:12

Altars:
Ashenzari
Cheibriados
Dithmenos
Elyvilon
Fedhas
Gozag
Kikubaaqudgha
Makhleb
Nemelex Xobeh
Okawaru
Qazlal
Ru
Sif Muna
Trog
Vehumet
Xom
Yredelemnul
Zin
The Shining One

Shops:
D:4 [

Annotations:
D:12 1 exclusion


Innate Abilities, Weirdness & Mutations

Your natural rate of healing is unusually fast.
Your muscles are strong. (Str +2)
Your spells are a little harder to cast, but a little more powerful.
You evolve.


Message History

The yak bellows!
The yak gores you!
Unknown command.
The searing ray hits the yak.
The yak is severely wounded.
The yak gores you!
* * * LOW HITPOINT WARNING * * *
Unknown command.
The searing ray hits the yak.
You kill the yak!
Vehumet accepts your kill.
You feel your power returning.
Unknown command.
The searing ray hits the yak.
The yak is severely wounded.
The searing ray hits the yak.
You kill the yak!
Vehumet accepts your kill.
You feel your power returning. The yak gores you!
You die...

#........# ##..........
#.>......##########.#.#
###......##..# ####.##
##.....#...# #.#.#.#
##.......######.###.
#...<..## #.#.## ##
##....## ##.##l l#
#...## #.##C? $C #@###
##.##.#.# #Y# #.#.##$##
#.# ####.#$#. #Y#
#.#.#.# #.# ####.##


YY# ### #.# ### You could see 4 yaks.

Vanquished Creatures
  Erolcha (D:9)
  Fannar (D:11)
  Urug (D:10)
  Nergalle (D:10)
  2 unseen horrors
  Pikel (D:5)
  A hill giant (D:11)
  3 ugly things (D:11)
  A gargoyle (D:10)
  2 kobold demonologists (D:12)
  A troll (D:10)
  A wind drake (shapeshifter) (D:11)
  Grinder (D:5)
  2 polar bears (D:11)
  Prince Ribbit (D:7)
  A deep elf mage (D:10)
  A wyvern (D:10)
  A hungry ghost (D:8)
  11 yaks
  A mottled dragon (D:11)
  2 hippogriffs
  Menkaure (D:4)
  3 water moccasins
  2 wasps
  2 orc warriors
  3 sky beasts
  Purgy (D:3)
  An ice beast (D:7)
  A black bear (D:8)
  2 phantoms
  2 slaves (D:5)
  3 centaurs
  4 ogres
  3 big kobolds
  4 giant frogs
  2 scorpions
  A wyvern zombie (D:11)
  7 earth elementals (D:12)
  3 killer bees (D:10)
  5 wights (D:10)
  A wasp zombie (D:10)
  A giant frog zombie (D:6)
  5 crimson imps
  A centaur skeleton (D:7)
  A quasit (D:10)
  2 orc priests
  Ijyb (D:2)
  5 hounds
  10 jellies
  Jessica (D:3)
  3 orc wizards
  Terence (D:5)
  4 iguanas
  A giant frog skeleton (D:5)
  10 worker ants
  A killer bee zombie (D:10)
  A hound zombie (D:6)
  A hound skeleton (D:7)
  A worker ant zombie (D:5)
  Robin (D:2)
  13 adders
  A river rat (D:5)
  3 shadow imps
  An ufetubus (D:12)
  7 oozes
  4 worms
  4 giant geckos
  32 orcs
  A ball python (D:3)
  15 bats
  A bat zombie (D:6)
  6 giant cockroaches
  24 goblins
  17 hobgoblins
  3 jackals (D:5)
  5 quokkas
  6 giant newts
  2 jackal skeletons
  22 kobolds
  A quokka zombie (D:7)
  13 rats
320 creatures vanquished.

Vanquished Creatures (others)
  A bat (D:2)
1 creature vanquished.

Grand Total: 321 creatures vanquished

Notes
Turn   | Place    | Note
--------------------------------------------------------------
     0 | D:1      | inmateoo the Deep Elf Conjurer began the quest for the Orb.
     0 | D:1      | Reached XP level 1. HP: 10/10 MP: 6/6
   275 | D:1      | Reached XP level 2. HP: 15/15 MP: 2/8
   296 | D:1      | Learned a level 2 spell: Searing Ray
   767 | D:2      | Found a white marble altar of Elyvilon.
   825 | D:2      | Reached XP level 3. HP: 19/19 MP: 5/9
   828 | D:2      | Noticed Robin
   977 | D:2      | Killed Robin
  1060 | D:2      | Noticed Ijyb
  1476 | D:2      | Killed Ijyb
  1476 | D:2      | Reached skill level 5 in Conjurations
  1476 | D:2      | Reached XP level 4. HP: 22/24 MP: 1/11
  2205 | D:3      | Learned a level 3 spell: Dazzling Spray
  2210 | D:3      | Learned a level 4 spell: Iskenderun's Mystic Blast
  2480 | D:3      | Noticed Purgy
  2495 | D:3      | Killed Purgy
  2495 | D:3      | Reached XP level 5. HP: 15/28 MP: 2/13
  2845 | D:3      | Noticed Jessica
  2849 | D:3      | Killed Jessica
  2884 | D:4      | Found a stormy altar of Qazlal.
  2884 | D:4      | Found a snail-covered altar of Cheibriados.
  2892 | D:3      | Reached skill level 6 in Conjurations
  2892 | D:3      | Reached XP level 6. HP: 12/32 MP: 2/15
  3000 | D:4      | Found a sacrificial altar of Ru.
  3000 | D:4      | Found an iron altar of Okawaru.
  3000 | D:4      | Found a basalt altar of Yredelemnul.
  3100 | D:4      | Noticed Menkaure
  3108 | D:4      | Killed Menkaure
  3108 | D:4      | Reached skill level 5 in Spellcasting
  3427 | D:4      | Reached skill level 5 in Stealth
  3629 | D:4      | Found Rinan's Antique Armour Boutique.
  3637 | D:4      | Bought a glowing helmet for 99 gold pieces
  3728 | D:5      | Entered Level 5 of the Dungeon
  3756 | D:5      | Found a sparkling altar of Nemelex Xobeh.
  3781 | D:5      | Reached XP level 7. HP: 36/36 MP: 10/16
  3846 | D:5      | Reached skill level 7 in Conjurations
  3919 | D:5      | Reached skill level 1 in Fighting
  3919 | D:5      | Reached skill level 1 in Short Blades
  3919 | D:5      | Reached skill level 5 in Dodging
  4090 | D:5      | Found a staircase to the Ecumenical Temple.
  4090 | D:5      | Noticed Pikel
  4148 | D:5      | Killed Pikel
  4148 | D:5      | Reached XP level 8. HP: 43/43 MP: 6/19
  4227 | D:5      | Noticed Grinder
  4227 | D:5      | Reached skill level 8 in Conjurations
  4233 | D:5      | Gained mutation: Your mind is acute. (Int +2) [mutagenic meat]
  4240 | D:5      | Found a bloodstained altar of Trog.
  4250 | D:5      | Paralysed by Grinder for 5 turns
  4267 | D:5      | Killed Grinder
  4306 | D:5      | Noticed Terence
  4312 | D:5      | Killed Terence
  4732 | Temple   | Entered the Ecumenical Temple
  4778 | Temple   | Became a worshipper of Vehumet
  4863 | D:6      | Reached XP level 9. HP: 49/49 MP: 15/21
  4870 | D:6      | Learned a level 5 spell: Iskenderun's Battlesphere
  4937 | D:6      | Found an ancient bone altar of Kikubaaqudgha.
  5973 | D:6      | Reached skill level 1 in Charms
  6113 | D:7      | Acquired Vehumet's first power
  6113 | D:7      | Offered knowledge of Sandblast by Vehumet.
  6170 | D:7      | Lost mutation: Your mind is acute. (Int +2) [potion of mutation]
  6170 | D:7      | Gained mutation: You evolve. [potion of mutation]
  6170 | D:7      | Gained mutation: Your magical capacity is low (-10% MP). [potion of mutation]
  6442 | D:7      | Noticed Prince Ribbit
  6447 | D:7      | Killed Prince Ribbit
  6447 | D:7      | Reached skill level 9 in Conjurations
  6590 | D:7      | Found a stormy altar of Qazlal.
  6811 | D:8      | Reached skill level 1 in Hexes
  6904 | D:8      | Found a glowing golden altar of the Shining One.
  7010 | D:8      | Got a dull robe
  7021 | D:8      | Identified the +1 robe of Trial and Error {rF++} (You found it on level 8 of the Dungeon)
  7053 | D:8      | Reached skill level 5 in Short Blades
  7140 | D:8      | Offered knowledge of Shock by Vehumet.
  7155 | D:8      | Found a shattered altar of Ashenzari.
  7729 | D:9      | Noticed Erolcha
  7736 | D:9      | Gained mutation: Your muscles are strong. (Str +2) [evolution]
  7745 | D:9      | Killed Erolcha
  7745 | D:9      | Reached XP level 10. HP: 56/56 MP: 4/21
  7987 | D:9      | Found a staircase to the Lair.
  8254 | D:10     | Entered Level 10 of the Dungeon
  8322 | D:10     | Offered knowledge of Conjure Flame by Vehumet.
  8322 | D:10     | Reached skill level 10 in Conjurations
  8328 | D:10     | Learned a level 3 spell: Conjure Flame
  8356 | D:10     | Gained mutation: Your natural rate of healing is unusually fast. [mutagenic meat]
  8358 | D:10     | Gained mutation: Your spells are a little harder to cast, but a little more powerful. [mutagenic meat]
  8370 | D:10     | Reached skill level 5 in Hexes
  8467 | D:10     | Killed an unseen horror
  8467 | D:10     | Reached skill level 1 in Fire Magic
  8641 | D:10     | Noticed Urug
  8653 | D:10     | Killed Urug
  8655 | D:10     | Acquired Vehumet's second power
  8825 | D:10     | Reached XP level 11. HP: 55/61 MP: 23/23
  8900 | D:10     | Noticed Nergalle
  8909 | D:10     | Killed Nergalle
  8965 | D:10     | Offered knowledge of Force Lance by Vehumet.
  9142 | D:10     | Lost mutation: Your magical capacity is low (-10% MP). [evolution]
  9412 | D:11     | Found a bloodstained altar of Trog.
  9602 | D:11     | Acquired Vehumet's third power
  9742 | D:11     | Offered knowledge of Bolt of Draining by Vehumet.
  9770 | D:11     | Noticed Fannar
  9813 | D:11     | Killed Fannar
  9942 | D:11     | Reached skill level 11 in Conjurations
 10155 | D:11     | Reached skill level 5 in Fire Magic
 10168 | D:11     | Noticed a hill giant
 10176 | D:11     | Killed a hill giant
 10414 | D:12     | Noticed an ice devil
 10602 | D:12     | Found a staircase to the Orcish Mines.
 10745 | D:12     | HP: 3/62 [something (7)]
 10747 | D:12     | Killed an unseen horror
 11007 | D:12     | Slain by a yak

Vault maps used:
D:1:      co_arrival_square_in_a_square_in_a_square, minivault_27,
          minmay_misc_feat_doors
D:2:      first_bread, st_stairs_11, elyvilon_altar_4, uniq_robin, uniq_iyjb
D:3:      uniq_purgy, uniq_terence, uniq_jessica
D:4:      grunt_temple_overflow_open, serial_shops, shop, uniq_menkaure
D:5:      nemelex_xobeh_ov_fountains_minmay, minmay_temple_entry_trees,
          gup_sewer_entry_bowl, trog_hazing_becter, uniq_grinder, uniq_pikel
D:6:      corexii_shack_village, basic_altar
D:7:      basic_altar, minmay_fountain_box, uniq_prince_ribbit1
D:8:      lemuel_coloured_pillars_altar, basic_altar
D:9:      lair_0_dummy, hangedman_little_slice_of_home, uniq_erolcha
D:10:     uniq_urug, uniq_nergalle
D:11:     trog_ov_bears_minmay, uniq_fannar
D:12:     orc_0_dummy, hangedman_cracks_in_the_wall
Temple:   zaba_magenta_temple_12

Action                   |  1- 3 |  4- 6 |  7- 9 | 10-12 || total
-------------------------+-------+-------+-------+-------++-------
Melee: Unarmed           |     3 |       |       |       ||     3
       Whip              |       |    41 |       |       ||    41
       Long sword        |       |    14 |    15 |       ||    29
       Rapier            |       |       |   215 |   212 ||   427
 Cast: Magic Dart        |    63 |    58 |    64 |    67 ||   252
       Searing Ray       |     6 |    15 |    16 |    17 ||    54
       Dazzling Spray    |       |     1 |    12 |    11 ||    24
       Iskenderun's Batt |       |       |     4 |    14 ||    18
       Iskenderun's Myst |       |       |     3 |    22 ||    25
       Conjure Flame     |       |       |       |     1 ||     1
Evoke: Wand              |       |     2 |       |     1 ||     3
  Use: Potion            |     3 |       |     5 |     1 ||     9
       Scroll            |       |    15 |     3 |     4 ||    22
 Stab: Sleeping          |       |     2 |    13 |    16 ||    31
       Invisible         |       |       |     2 |       ||     2
  Eat: Chunk             |     1 |     6 |    10 |    15 ||    32
       Pizza             |       |     1 |       |     3 ||     4
       Beef jerky        |       |       |     2 |       ||     2
       Bread ration      |       |       |     1 |       ||     1
